 Dungeon Crawl Stone Soup version 0.31-a0-149-g3fdcc5976a (webtiles) character file.

Game seed: 7587666887689244137

51 IdlyInterested the Chopper (level 3, -1/29 HPs)
             Began as a Demonspawn Gladiator on June 7, 2023.
             Killed by divine providence
             ... invoked by an orc priest
              (14 damage)
             ... on level 3 of the Dungeon.
             The game lasted 00:04:02 (1865 turns).

IdlyInterested the Chopper (Demonspawn Gladiator)   Turns: 1865, Time: 00:04:02

Health: -1/29      AC: 10    Str: 16    XL:     3   Next: 58%
Magic:  3/3        EV: 10    Int:  9    God:
Gold:   90         SH:  0    Dex: 14    Spells: 2/2 levels left

rFire   . . .        a - +0 war axe
rCold   + + +        (no shield)
rNeg    . . .        g - +0 ice dragon scales
rPois   .            c - +0 helmet
rElec   .            f - scarf {rC+ rF+}
rCorr   .            (no gloves)
SInv    .            (no boots)
Will    .....        n - amulet of magic regeneration Stlth
                     (no ring)
HPRegen 0.24/turn    (no ring)
MPRegen 0.48/turn

%: no passive effects
@: no status effects
A: hooves 1, ignite blood 1
a: no special abilities


You were on level 3 of the Dungeon.
You visited 1 branch of the dungeon, and saw 3 of its levels.

You collected 90 gold pieces.

Inventory:

Hand Weapons
 a - a +0 war axe (weapon)
Missiles
 d - 3 throwing nets
 e - a javelin
 k - 12 stones (quivered)
Armour
 c - a +0 helmet (worn)
 f - a scarf of resistance (worn)
 g - +0 ice dragon scales (worn)
 l - a +0 cloak
 o - a +0 pair of boots
Jewellery
 n - an amulet of magic regeneration (around neck)
Scrolls
 b - a scroll of immolation {unknown}
 h - a scroll of brand weapon {unknown}
 p - a scroll of summoning {unknown}
 q - a scroll of teleportation {unknown}
Potions
 i - 3 potions of curing
 j - a potion of heal wounds
 m - a potion of magic
 r - a potion of might {unknown}


   Skills:
 + Level 3.0 Fighting
 - Level 3.0 Axes
 - Level 1.7 Throwing
 - Level 1.0 Armour
 - Level 3.0 Dodging
 - Level 1.0 Stealth


You had 2 spell levels left.
You didn't know any spells.
Your spell library contained the following spells:

 Spells                   Type           Power      Damage    Failure   Level
 Foxfire                  Conj/Fire      0%         2x1d4     90%         1
 Freeze                   Ice            0%         1d3       90%         1
 Frozen Ramparts          Ice            0%         1d1       99%         3
 Hailstorm                Conj/Ice       0%         3d3       99%         3
 Fireball                 Conj/Fire      0%         3d3       100%        5
 Plasma Beam              Fire/Air       0%         2x1d10    100%        6
 Starburst                Conj/Fire      0%         6d3       100%        6


Dungeon Overview and Level Annotations

Branches:
Dungeon (3/15)

Altars:


Innate Abilities, Weirdness & Mutations

You have large cloven feet.
Your demonic aura sometimes causes spilled blood to erupt in flames.


Message History

The kobold hits you but does no damage. x2
You barely miss the kobold. The kobold closely misses you.
You hit the kobold. You kick the kobold.
You kill the kobold!
k - 12 stones (gained 3)
You see here a +0 club.
Found a glowing brown potion.
p - a scroll labelled HIGOCI XONIENASO
Found a ring mail.
A frilled lizard comes into view.
The frilled lizard hisses angrily.
You see here a scroll labelled XYFIOH TIHA.
The frilled lizard barely misses you.
You hit the frilled lizard.
You kill the frilled lizard!
Your Fighting skill increases to level 3!
q - a scroll labelled XYFIOH TIHA
r - a glowing brown potion You open the door.
There is an open door here.
You see here a frilled lizard corpse.
You open the door.
There is an open door here.
An orc comes into view.
It is wielding a +0 falchion. 2 orc priests and 2 orcs come into view.
An orc is wielding a +1 dagger of pain.
The orc priest shouts! x2; The orc shouts! x2
You closely miss the orc priest. You kick the orc priest.
The orc priest is lightly wounded.
The orc priest mumbles some strange prayers to Beogh against you.
Beogh smites you!
Ouch! That really hurt!
You slash the orc priest!
You kick the orc priest, but do no damage.
The orc priest is severely wounded.
You slash the orc!
You kill the orc!
The orc priest calls down the wrath of Beogh upon you.
Beogh smites you!
You die...

#.########
###........#
........... #.
#.......... #.#
#.......... #.#
#.#...o...... #.#
#.##..o.o.... #.#
#.##.@).o...#
######.###
#.##.#########
#........#
#.##..........
#........#
#.###.........
#.....)..# #.#
#.########
#........###'###'####
######'##....†......#
#......+...........#
#.###.##.....[.....#


You could see 2 orc priests and 2 orcs.

Vanquished Creatures
  2 worms (D:2)
  An orc (D:3)
  3 bats (D:1)
  3 endoplasms
  2 giant cockroaches (D:1)
  4 hobgoblins (D:1)
  7 jackals (D:2)
  A quokka (D:1)
  5 ball pythons
  2 frilled lizards
  6 goblins (D:1)
  3 kobolds
  3 rats
42 creatures vanquished.

Notes
Turn   | Place    | Note
-------+----------+-------------------------------------------
     0 | D:1      | IdlyInterested the Demonspawn Gladiator began the quest for
                  | the Orb.
     0 | D:1      | Reached XP level 1. HP: 16/16 MP: 1/1
   131 | D:1      | Gained mutation: You have large cloven feet. [demonic
                  | ancestry]
   131 | D:1      | Reached XP level 2. HP: 18/22 MP: 2/2
   406 | D:1      | Reached skill level 1 in Armour
  1130 | D:2      | Gained mutation: Your demonic aura sometimes causes spilled
                  | blood to erupt in flames. [demonic ancestry]
  1130 | D:2      | Reached XP level 3. HP: 27/28 MP: 3/3
  1244 | D:2      | Found a faded altar of an unknown god.
  1525 | D:2      | Reached skill level 1 in Stealth
  1865 | D:3      | Killed from afar by an orc priest

Illustrated notes

Levels and vault maps discovered:
D:1:      nzn_arrival_depleted_hourglass, layout_basic
D:2:      layout_loops_cross, ebering_ecumenical_altar_ruins
D:3:      cheibrodos_pilgrimage, layout_basic, zin_statuary

Skill      XL: |  1  2  3 |
---------------+----------+-----
Axes           | 3 |  3.0
Armour         | 1 |  1.0
Dodging        | 3 |  3.0
Stealth        | 1 |  1.0
Fighting       | 3 |  3.0
Throwing       | |  1.7

Action                     || total
---------------------------++-------
  Melee: War axe           ||    98
         Kick              ||    20
    Use: Scroll            ||     3
 Armour: Leather armour    ||    13
         Ice dragon scales ||    35
  Dodge: Dodged            ||    57

Table legend: (Time is in decaauts)
 A = Elapsed time spent in this place.
 B = Non-inter-level travel time spent in this place.
 C = Inter-level travel time spent in this place.
 D = Time resting spent in this place.
 E = Time spent auto-exploring this place.
 F = Levels seen in this place.
 G = Mean time per level.
                   A        B        C        D        E       F      G
               +--------+--------+--------+--------+--------+-----+--------+
         Total |   1901 |   1590 |    311 |     55 |   1108 |   3 |  633.7 |
       Dungeon |   1901 |   1590 |    311 |     55 |   1108 |   3 |  633.7 |
               +--------+--------+--------+--------+--------+-----+--------+

Top non-repeatable levels by time:
     D:1: 1056 daAuts
     D:2: 775 daAuts
     D:3: 69 daAuts
